NCAA
COLORADO BUFFALOES @ WASHINGTON STATE COUGARS
05/20/2025
 
TOP OF THE 1ST
Colorado Buffaloes batting - Pitching for Washington State Cougars : LHP Alonso Parrish
Pitching: LHP Alonso Parrish
Batting: LHB Will Elliott 0-0: Ball
1-0: Fly out, F8 (Flyball, 8RM)
Batting: RHB Henry Barker 0-0: Ball
1-0: Ground out 5-3 (Groundball, 56)
Batting: RHB Pedro Romero 0-0: Called Strike
0-1: DOUBLE (Groundball, 5L)
Batting: RHB Ray Rogers 0-0: Swinging Strike
0-1: Swinging Strike
0-2: Strikes out swinging
Top of the 1st over - 0 run(s), 1 hit(s), 0 error(s), 1 left on base; Colorado 0 - Washington State 0
BOTTOM OF THE 1ST
Washington State Cougars batting - Pitching for Colorado Buffaloes : RHP James Bowen
Pitching: RHP James Bowen
Batting: LHB Darren Holland 0-0: Swinging Strike
0-1: Swinging Strike
0-2: Foul Ball, location: 2F
0-2: Ball
1-2: Ball
2-2: Ball
3-2: Ground out 6-3 (Groundball, 6)
Batting: RHB Thomas Bowman 0-0: Called Strike
0-1: SINGLE (Flyball, 78M)
Batting: LHB Roberto Lozano 0-0: Called Strike
0-1: 2-RUN HOME RUN (Flyball, 78XD), Distance : 364 ft
Batting: RHB Jayson Clark 0-0: Ball
1-0: Ball
2-0: Swinging Strike
2-1: Foul Ball, location: 2F
2-2: Ball
3-2: Foul Ball, location: 2F
3-2: Foul Ball, location: 2F
3-2: Foul Ball, location: 2F
3-2: SINGLE (Line Drive, 9LS)
Batting: RHB Jesús Domínguez 0-0: Called Strike
Jayson Clark steals 2nd base
0-1: SINGLE (Flyball, 78S)
Jayson Clark to third
Runner from 3rd tries for Home, SAFE, no throw or cutoff
Batting: RHB Nate Atkinson 0-0: Called Strike
0-1: Fly out, F7 (Flyball, 78D)
Batting: RHB Bill McKinney 0-0: Ball
1-0: Called Strike
1-1: Fly out, F9 (Flyball, 9S)
Bottom of the 1st over - 3 run(s), 4 hit(s), 0 error(s), 1 left on base; Colorado 0 - Washington State 3
TOP OF THE 2ND
Colorado Buffaloes batting - Pitching for Washington State Cougars : LHP Alonso Parrish
Batting: RHB Ramón Chávez 0-0: Swinging Strike
0-1: Foul Ball, location: 2F
0-2: Strikes out swinging
Batting: RHB Eddie Woods 0-0: Fly out, F4 (Popup, 4D)
Batting: LHB Marcos Fontanez 0-0: Ball
1-0: Ground out 5-3 (Groundball, 5)
Top of the 2nd over - 0 run(s), 0 hit(s), 0 error(s), 0 left on base; Colorado 0 - Washington State 3
BOTTOM OF THE 2ND
Washington State Cougars batting - Pitching for Colorado Buffaloes : RHP James Bowen
Batting: LHB Paco Silva 0-0: Ball
1-0: Called Strike
1-1: Ball
2-1: Reached on error, E6 (Groundball, 6M)
Batting: SHB Jeffery Ivey 0-0: Called Strike
0-1: Fly out, F5 (Popup, 5SF)
Batting: LHB Darren Holland 0-0: Foul Ball, location: 2F
0-1: Foul Ball, location: 2F
0-2: Foul Ball, location: 2F
0-2: Ball
1-2: Ball
2-2: Ball
3-2: Strikes out swinging
Batting: RHB Thomas Bowman 0-0: Called Strike
0-1: SINGLE (Line Drive, 89S)
Paco Silva to second
Runner from 2nd tries for 3rd, SAFE, throw made to third
Thomas Bowman to second
Batting: LHB Roberto Lozano 0-0: Called Strike
0-1: Swinging Strike
0-2: Foul Ball, location: 2F
0-2: Ball
1-2: Foul Ball, location: 2F
1-2: Foul Ball, location: 2F
1-2: Strikes out looking
Bottom of the 2nd over - 0 run(s), 1 hit(s), 1 error(s), 2 left on base; Colorado 0 - Washington State 3
TOP OF THE 3RD
Colorado Buffaloes batting - Pitching for Washington State Cougars : LHP Alonso Parrish
Batting: RHB Cade Cole 0-0: Called Strike
0-1: Foul Ball, location: 2F
0-2: Ball
1-2: Strikes out swinging
Batting: LHB Clarence Bowers 0-0: Ball
1-0: Ball
2-0: Called Strike
2-1: Fly out, F7 (Flyball, 7M)
Batting: LHB Will Elliott 0-0: Called Strike
0-1: Hit by Pitch
Batting: RHB Henry Barker 0-0: Ball
1-0: Called Strike
1-1: Called Strike
1-2: Foul Ball, location: 2F
1-2: Strikes out swinging
Top of the 3rd over - 0 run(s), 0 hit(s), 0 error(s), 1 left on base; Colorado 0 - Washington State 3
BOTTOM OF THE 3RD
Washington State Cougars batting - Pitching for Colorado Buffaloes : RHP James Bowen
Batting: RHB Jayson Clark 0-0: Ball
1-0: Called Strike
1-1: Ball
2-1: Swinging Strike
2-2: Foul Ball, location: 2F
2-2: SOLO HOME RUN (Flyball, 7D), Distance : 360 ft
Batting: RHB Jesús Domínguez 0-0: Ball
1-0: Called Strike
1-1: Ball
2-1: Ball
3-1: Base on Balls
Batting: RHB Nate Atkinson 0-0: Called Strike
0-1: Ball
1-1: Swinging Strike
1-2: Grounds into double play, 5-4-3 (Groundball, 5)
Batting: RHB Bill McKinney 0-0: Ball
1-0: Ball
2-0: Foul Ball, location: 2F
2-1: Ball
3-1: Base on Balls
Batting: LHB Paco Silva 0-0: Ball
1-0: Swinging Strike
1-1: Swinging Strike
1-2: Ball
2-2: Strikes out swinging
Bottom of the 3rd over - 1 run(s), 1 hit(s), 0 error(s), 1 left on base; Colorado 0 - Washington State 4
TOP OF THE 4TH
Colorado Buffaloes batting - Pitching for Washington State Cougars : LHP Alonso Parrish
Batting: RHB Pedro Romero 0-0: Called Strike
0-1: Foul Ball, location: 2F
0-2: SINGLE (Groundball, 6MD)
Batting: RHB Ray Rogers 0-0: Fly out, F9 (Flyball, 9M)
Batting: RHB Ramón Chávez 0-0: Ball
1-0: Swinging Strike
1-1: Swinging Strike
1-2: Ball
2-2: Ball
3-2: SINGLE (Flyball, 7S)
Pedro Romero to second
Batting: RHB Eddie Woods 0-0: Foul Ball, location: 2F
0-1: Foul Ball, location: 2F
0-2: Grounds into double play, 5-4-3 (Groundball, 5)
Top of the 4th over - 0 run(s), 2 hit(s), 0 error(s), 1 left on base; Colorado 0 - Washington State 4
BOTTOM OF THE 4TH
Washington State Cougars batting - Pitching for Colorado Buffaloes : RHP James Bowen
Batting: SHB Jeffery Ivey 0-0: Called Strike
0-1: SINGLE (Groundball, 34D)
Batting: LHB Darren Holland 0-0: Foul Ball, location: 2F
0-1: Ball
1-1: Foul Ball, location: 2F
1-2: 2-RUN HOME RUN (Flyball, 9D), Distance : 343 ft
Pitching: LHP Steve Yates
Batting: RHB Thomas Bowman 0-0: Foul Ball, location: 2F
0-1: Foul Ball, location: 2F
0-2: Strikes out swinging
Batting: LHB Roberto Lozano 0-0: Ball
1-0: Ball
2-0: Ball
3-0: Called Strike
3-1: Foul Ball, location: 2F
3-2: Base on Balls
Batting: RHB Jayson Clark 0-0: Ball
1-0: 2-RUN HOME RUN (Flyball, 8LXD), Distance : 409 ft
Batting: RHB Jesús Domínguez 0-0: Swinging Strike
0-1: Ball
1-1: Ball
2-1: Ball
3-1: Foul Ball, location: 2F
3-2: Foul Ball, location: 2F
3-2: Foul Ball, location: 2F
3-2: Foul Ball, location: 2F
3-2: Hit by Pitch
Pitching: RHP Jason Karnes
Pinch Runner at 1st Adam Gentry:
Batting: RHB Nate Atkinson 0-0: Ball
Pickoff Throw to First - Error! E1
Adam Gentry to second
1-0: Foul Ball, location: 2F
1-1: Ball
2-1: Swinging Strike
2-2: Ball
3-2: Foul Ball, location: 2F
3-2: Strikes out swinging
Batting: RHB Bill McKinney 0-0: Fly out, F9 (Line Drive, 9LM)
Bottom of the 4th over - 4 run(s), 3 hit(s), 1 error(s), 1 left on base; Colorado 0 - Washington State 8
TOP OF THE 5TH
Colorado Buffaloes batting - Pitching for Washington State Cougars : LHP Alonso Parrish
Now at 3B: Adam Gentry
Batting: LHB Marcos Fontanez 0-0: Called Strike
0-1: Swinging Strike
0-2: Strikes out swinging
Batting: RHB Cade Cole 0-0: Ball
1-0: Ball
2-0: Ground out 4-3 (Groundball, 4M)
Batting: LHB Clarence Bowers 0-0: Foul Ball, location: 2F
0-1: Swinging Strike
0-2: Foul Ball, location: 2F
0-2: Strikes out swinging
Top of the 5th over - 0 run(s), 0 hit(s), 0 error(s), 0 left on base; Colorado 0 - Washington State 8
BOTTOM OF THE 5TH
Washington State Cougars batting - Pitching for Colorado Buffaloes : RHP Jason Karnes
Batting: LHB Paco Silva 0-0: Called Strike
0-1: Swinging Strike
0-2: Ball
1-2: Foul Ball, location: 2F
1-2: Foul Ball, location: 2F
1-2: Ball
2-2: Strikes out swinging
Batting: SHB Jeffery Ivey 0-0: Swinging Strike
0-1: Foul Ball, location: 2F
0-2: Ball
1-2: Ball
2-2: Strikes out swinging, 2-3 out at first.
Batting: LHB Darren Holland 0-0: Ball
1-0: Swinging Strike
1-1: Ball
2-1: Ball
3-1: Called Strike
3-2: Strikes out looking
Bottom of the 5th over - 0 run(s), 0 hit(s), 0 error(s), 0 left on base; Colorado 0 - Washington State 8
TOP OF THE 6TH
Colorado Buffaloes batting - Pitching for Washington State Cougars : LHP Alonso Parrish
Batting: LHB Will Elliott 0-0: Called Strike
0-1: Ball
1-1: Foul Ball, location: 2F
1-2: Strikes out swinging
Batting: RHB Henry Barker 0-0: Ball
1-0: Ball
2-0: SINGLE (Groundball, 6D)
Batting: RHB Pedro Romero 0-0: Swinging Strike
0-1: Ball
1-1: 2-RUN HOME RUN (Flyball, 8LXD), Distance : 409 ft
Batting: RHB Ray Rogers 0-0: Ball
1-0: Ball
2-0: Called Strike
2-1: Ball
3-1: Base on Balls
Batting: RHB Ramón Chávez 0-0: Ball
1-0: Foul Ball, location: 2F
1-1: Foul Ball, location: 2F
1-2: Strikes out swinging
Batting: RHB Eddie Woods 0-0: Swinging Strike
0-1: Ball
1-1: Foul Ball, location: 2F
1-2: Ball
2-2: Ball
3-2: Strikes out swinging
Top of the 6th over - 2 run(s), 2 hit(s), 0 error(s), 1 left on base; Colorado 2 - Washington State 8
BOTTOM OF THE 6TH
Washington State Cougars batting - Pitching for Colorado Buffaloes : RHP Jason Karnes
Batting: RHB Thomas Bowman 0-0: Fly out, F8 (Flyball, 8RM)
Batting: LHB Roberto Lozano 0-0: DOUBLE (Flyball, 78M)
Batting: RHB Jayson Clark 0-0: Ball
Roberto Lozano steals 3rd base
1-0: Ball
2-0: Ball
3-0: Base on Balls
Batting: RHB Adam Gentry 0-0: Ball
Jayson Clark steals 2nd base
1-0: Called Strike
1-1: Swinging Strike
1-2: Ball
2-2: Strikes out swinging
Batting: RHB Nate Atkinson 0-0: Called Strike
0-1: Called Strike
0-2: Strikes out looking
Bottom of the 6th over - 0 run(s), 1 hit(s), 0 error(s), 2 left on base; Colorado 2 - Washington State 8
TOP OF THE 7TH
Colorado Buffaloes batting - Pitching for Washington State Cougars : LHP Alonso Parrish
Batting: LHB Marcos Fontanez 0-0: Ball
1-0: Ball
2-0: Ball
3-0: Base on Balls
Pitching: RHP Allan Dotson
Batting: RHB Cade Cole 0-0: Foul Ball, location: 2F
0-1: Ball
1-1: Swinging Strike
1-2: SINGLE (Groundball, 56D)
Marcos Fontanez to second
Batting: LHB Clarence Bowers 0-0: Fly out, F7 (Flyball, 78M)
Batting: LHB Will Elliott 0-0: Foul Ball, location: 2F
0-1: Ball
1-1: Swinging Strike
1-2: Strikes out swinging
Batting: RHB Henry Barker 0-0: Ball
1-0: Ball
2-0: Ball
3-0: Base on Balls
Marcos Fontanez to third
Cade Cole to second
Batting: RHB Pedro Romero 0-0: Foul Ball, location: 2F
0-1: Swinging Strike
0-2: Ball
1-2: Strikes out swinging
Top of the 7th over - 0 run(s), 1 hit(s), 0 error(s), 3 left on base; Colorado 2 - Washington State 8
BOTTOM OF THE 7TH
Washington State Cougars batting - Pitching for Colorado Buffaloes : RHP Jason Karnes
Pitching: RHP Jorge Mendoza
Batting: RHB Bill McKinney 0-0: SINGLE (Groundball, 5D)
Batting: LHB Paco Silva 0-0: Called Strike
0-1: Sac Bunt - play at first, batter OUT! 5-3
Bill McKinney to second
Batting: SHB Jeffery Ivey 0-0: Called Strike
0-1: Swinging Strike
0-2: Foul Ball, location: 2F
0-2: Ball
1-2: Foul Ball, location: 2F
1-2: Foul Ball, location: 2F
1-2: Ball
2-2: Strikes out swinging
Batting: LHB Darren Holland 0-0: Ball
1-0: Called Strike
1-1: Foul Ball, location: 2F
1-2: Ball
2-2: Foul Ball, location: 2F
2-2: Ball
3-2: SINGLE (Groundball, 4MD)
Bill McKinney to third
Bill McKinney scores
Batting: RHB Thomas Bowman 0-0: Ball
1-0: Ball
Darren Holland is caught stealing 2nd base
Bottom of the 7th over - 1 run(s), 2 hit(s), 0 error(s), 0 left on base; Colorado 2 - Washington State 9
TOP OF THE 8TH
Colorado Buffaloes batting - Pitching for Washington State Cougars : RHP Allan Dotson
Now at 1B: Mauro Paredes
Batting: RHB Ray Rogers 0-0: Called Strike
0-1: Swinging Strike
0-2: Strikes out swinging
Batting: RHB Ramón Chávez 0-0: Ball
1-0: Fly out, F7 (Line Drive, 7M)
Batting: RHB Eddie Woods 0-0: Swinging Strike
0-1: Foul Ball, location: 2F
0-2: Ball
1-2: Ball
2-2: Fly out, F7 (Flyball, 78M)
Top of the 8th over - 0 run(s), 0 hit(s), 0 error(s), 0 left on base; Colorado 2 - Washington State 9
BOTTOM OF THE 8TH
Washington State Cougars batting - Pitching for Colorado Buffaloes : RHP Jorge Mendoza
Batting: RHB Thomas Bowman 0-0: Ball
1-0: Called Strike
1-1: Foul Ball, location: 2F
1-2: Foul Ball, location: 2F
1-2: Strikes out looking
Batting: LHB Roberto Lozano 0-0: Ball
1-0: Ball
2-0: Ball
3-0: Called Strike
3-1: Called Strike
3-2: Foul Ball, location: 2F
3-2: Base on Balls
Batting: RHB Jayson Clark 0-0: Ball
1-0: Ball
2-0: Called Strike
2-1: Ball
3-1: Base on Balls
Roberto Lozano to second
Pitching: LHP Mike Orkney
Batting: RHB Adam Gentry 0-0: Ball
Roberto Lozano steals 3rd base
Jayson Clark to second
1-0: Fly out, F4 (Popup, 34D)
Batting: RHB Nate Atkinson 0-0: Foul Ball, location: 2F
0-1: Ball
1-1: Called Strike
1-2: Ball
2-2: Foul Ball, location: 2F
2-2: Foul Ball, location: 2F
2-2: Ball
3-2: Foul Ball, location: 2F
3-2: Foul Ball, location: 2F
3-2: Strikes out swinging
Bottom of the 8th over - 0 run(s), 0 hit(s), 0 error(s), 2 left on base; Colorado 2 - Washington State 9
TOP OF THE 9TH
Colorado Buffaloes batting - Pitching for Washington State Cougars : RHP Allan Dotson
Batting: LHB Marcos Fontanez 0-0: Called Strike
0-1: Swinging Strike
0-2: Foul Ball, location: 2F
0-2: Strikes out swinging
Batting: RHB Cade Cole 0-0: Ball
1-0: Ball
2-0: Ball
3-0: Called Strike
3-1: Fly out, F9 (Flyball, 9LM)
Batting: LHB Clarence Bowers 0-0: Ball
1-0: Ground out 1-3 (Groundball, 13)
Top of the 9th over - 0 run(s), 0 hit(s), 0 error(s), 0 left on base; Colorado 2 - Washington State 9
This league is powered by Out of the Park Baseball, the baseball management simulation game for PC, Mac and Linux
Tuesday, August 2nd, 2016 - OOTP Baseball 16.8 Build 38